 Dungeon Crawl Stone Soup version 0.31-a0-879-g1609e0ac53 (webtiles) character file.

Game seed: 8318898800758529344

97 Darius099 the Chopper (level 4, -13/39 HPs)
             Began as a Minotaur Fighter on Oct 14, 2023.
             Blown up by Ijyb (14 damage)
             ... with a mindburst bolt
             ... on level 3 of the Dungeon.
             The game lasted 00:03:29 (1237 turns).

Darius099 the Chopper (Minotaur Fighter)            Turns: 1237, Time: 00:03:31

Health: -13/39     AC:  6    Str: 23    XL:     4   Next: 42%
Magic:  3/3        EV:  9    Int:  5    God:
Gold:   66         SH:  4    Dex:  9    Spells: 3/3 levels left

rFire   . . .        a - +0 war axe
rCold   . . .        c - +0 buckler
rNeg    . . .        b - +0 scale mail
rPois   .            (helmet restricted)
rElec   .            (no cloak)
rCorr   .            (no gloves)
SInv    .            (no boots)
Will    .....        (no amulet) Stlth
                     (no ring)
HPRegen 0.26/turn    (no ring)
MPRegen 0.08/turn

%: no passive effects
@: no status effects
A: horns 2, retaliatory headbutt
a: no special abilities


You were on level 3 of the Dungeon.
You visited 1 branch of the dungeon, and saw 3 of its levels.

You collected 66 gold pieces.

Inventory:

Hand Weapons
 a - a +0 war axe (weapon)
Missiles
 j - 5 javelins
Armour
 b - a +0 scale mail (worn)
 c - a +0 buckler (worn)
Scrolls
 g - 3 scrolls of identify {unknown}
 h - a scroll of fear {unknown}
 i - a scroll of fog {unknown}
 k - a scroll of silence {unknown}
 m - a scroll of enchant weapon {unknown}
 n - a scroll of immolation {unknown}
Potions
 d - a potion of might
 e - 2 potions of curing {unknown}
 f - a potion of lignification {unknown}
 l - 2 potions of brilliance {unknown}


   Skills:
 - Level 3.6 Fighting
 + Level 5.7 Axes
 - Level 3.6 Armour
 - Level 3.6 Shields


You had 3 spell levels left.
You didn't know any spells.
Your spell library contained the following spells:

 Spells                   Type           Power      Damage    Failure   Level
 Inner Flame              Hex/Fire       0%         N/A       99%         3
 Flame Wave               Conj/Fire      0%         2d4       100%        4
 Sticky Flame             Conj/Fire      0%         2d3       100%        4


Dungeon Overview and Level Annotations

Branches:
Dungeon (3/15)

Altars:

Shops:
D:3 =

Annotations:
D:3 Ijyb


Innate Abilities, Weirdness & Mutations

You have a pair of horns on your head.
You reflexively headbutt those who attack you in melee.


Message History

Done exploring.
There is an open gate here.
You open the door.
There is an open door here.
There is a stone staircase leading down here.
You climb downwards.
You hear the sound of rushing water.
There is an entrance to a sewer on this level.
Hurry and find it before the portal rusts away!
The endoplasm quivers.
Found a cyan potion, a robe and 14 gold pieces.
There is a stone staircase leading up here.
You slash the endoplasm!
You kill the endoplasm!
No target in view!
No target in view!
No target in view!
Ijyb the Twisted Goblin comes into view.
She is wielding a +0 dagger and carrying a wand of mindburst.
Ijyb shouts!
You hear a shout!
Ijyb zaps a wand.
Your mind is blasted!
Found a scroll labelled COZ NA MAWN.
Ijyb zaps a wand.
You barely resist.
An endoplasm and a kobold come into view.
Found Goshrofo's Jewellery Shop.
A worm comes into view.
Found a fuming coppery potion.
Found a stone staircase leading down.
Ijyb hits you but does no damage.
You slash Ijyb!
Ijyb is heavily wounded.
Ijyb hits you with a +0 dagger.
You hit Ijyb but do no damage.
Ijyb is heavily wounded.
You barely miss the endoplasm. The endoplasm hits you.
Ijyb zaps a wand.
You barely resist. You hit Ijyb but do no damage.
Ijyb is heavily wounded.
You hit the endoplasm. The endoplasm freezes you.
You are frozen.
Ijyb zaps a wand.
Your mind is blasted!
* * * LOW HITPOINT WARNING * * *
Ijyb zaps a wand.
Your mind is blasted!
You die...

......! .
.....>. .#
....... #####.#
....... #.....#
...w... #.....#
....... #.....#
......J##.....#
#.?Kg@......#
......###...<.#
...∩. #.....#
###........##..#
# ...#...# #.#
#...[..# ...
#...#$.. ..##
#.#.#... .#
#.#..... .#


You could see Ijyb, a worm, an endoplasm and a kobold.

Vanquished Creatures
  Jessica (D:2)
  3 adders (D:2)
  A dart slug (D:2)
  4 ball pythons
  6 endoplasms
  3 giant cockroaches
  A goblin (D:2)
  2 hobgoblins (D:2)
  2 jackals (D:1)
  3 quokkas
  A bat (D:2)
  5 frilled lizards
  5 kobolds
  6 rats
43 creatures vanquished.

Notes
Turn   | Place    | Note
-------+----------+-------------------------------------------
     0 | D:1      | Darius099 the Minotaur Fighter began the quest for the Orb.
     0 | D:1      | Reached XP level 1. HP: 19/19 MP: 0/0
    50 | D:1      | Reached skill level 3 in Axes
    62 | D:1      | Reached XP level 2. HP: 26/26 MP: 1/1
   310 | D:1      | Reached skill level 4 in Axes
   464 | D:2      | Reached XP level 3. HP: 31/31 MP: 2/2
   615 | D:2      | Noticed Jessica
   627 | D:2      | Killed Jessica
   628 | D:2      | Reached skill level 5 in Axes
   628 | D:2      | Reached XP level 4. HP: 30/39 MP: 3/3
  1230 | D:3      | Noticed Ijyb
  1233 | D:3      | Found Goshrofo's Jewellery Shop.
  1237 | D:3      | HP: 1/39 [disintegration (18)]
  1237 | D:3      | Blown up by Ijyb

Illustrated notes

Levels and vault maps discovered:
D:1:      scummos_arrival_hexagon, layout_basic
D:2:      layout_basic, kennysheep_donut, hex_medium, st_stairs_13,
          minmay_tetromino_o4, uniq_jessica
D:3:      layout_rooms, mainiacjoe_overflow_small_starburst,
          cheibrodos_sewer_entry_drain, serial_shops, shop, shop_fountains,
          shop, shop, shop, uniq_sigmund, uniq_ijyb, uniq_crazy_yiuf_cottage

Skill      XL: |  1  2  3 |
---------------+----------+-----
Axes           | 3 4 5 |  5.7
Fighting       | |  3.6
Armour         | |  3.6
Shields        | |  3.6

Action                     |  1- 3 |  4- 6 || total
---------------------------+-------+-------++-------
  Melee: War axe           |    71 |    24 ||    95
         Headbutt          |    13 |     2 ||    15
 Armour: Scale mail        |    53 |    13 ||    66
  Dodge: Dodged            |    38 |    14 ||    52
  Block: Buckler           |    11 |     3 ||    14

Table legend: (Time is in decaauts)
 A = Elapsed time spent in this place.
 B = Non-inter-level travel time spent in this place.
 C = Inter-level travel time spent in this place.
 D = Time resting spent in this place.
 E = Time spent auto-exploring this place.
 F = Levels seen in this place.
 G = Mean time per level.
                   A        B        C        D        E       F      G
               +--------+--------+--------+--------+--------+-----+--------+
         Total |   1267 |   1244 |     23 |      0 |    775 |   3 |  422.3 |
       Dungeon |   1267 |   1244 |     23 |      0 |    775 |   3 |  422.3 |
               +--------+--------+--------+--------+--------+-----+--------+

Top non-repeatable levels by time:
     D:2: 848 daAuts
     D:1: 409 daAuts
     D:3: 9 daAuts
